 Dungeon Crawl Stone Soup version 0.24-a0-513-g284f782df5 (webtiles) character file.

Game seed: 4072141166499674360

14014 Azzok the Thaumaturge (level 11, -13/63 HPs)
             Began as a Deep Elf Fire Elementalist on July 20, 2019.
             Was an Elder of Vehumet.
             Mangled by a reaper
             ... wielding a +0 scythe of flaming
             ... summoned by a guardian mummy's death curse
              (39 damage)
             ... on level 10 of the Dungeon.
             The game lasted 00:24:37 (15434 turns).

Azzok the Thaumaturge (Deep Elf Fire Elementalist) Turns: 15434, Time: 00:24:38

Health: -13/63     AC:  6    Str:  5    XL:     11   Next: 83%
Magic:  6/29       EV: 20    Int: 29    God:    Vehumet [****..]
Gold:   69         SH:  5    Dex: 15    Spells: 2/34 levels left

rFire    . . .     SeeInvis .   t - +1 dagger (venom)
rCold    . . .     Gourm    .   s - +0 buckler
rNeg     . . .     Faith    .   a - +0 robe
rPois    .         Spirit   .   G - +0 helmet
rElec    .         Reflect  .   q - +1 cloak
rCorr    .         Harm     .   v - +0 pair of gloves
MR       +....                  (no boots)
Stlth    ++........             f - amulet of the acrobat
HPRegen  0.20/turn              H - +5 ring of intelligence
MPRegen  0.21/turn              z - +3 ring of evasion

@: about to teleport
A: no striking features
a: Renounce Religion


You were on level 10 of the Dungeon.
You worshipped Vehumet.
Vehumet was greatly pleased with you.
You were hungry.

You visited 2 branches of the dungeon, and saw 11 of its levels.
You also visited: Ossuary.

You collected 654 gold pieces.
You spent 585 gold pieces at shops.

Inventory:

Hand Weapons
 k - a +3 quarterstaff of chaos
 t - a +1 dagger of venom (weapon)
 J - a +4 scimitar of flaming
Armour
 a - a +0 robe (worn)
 q - a +1 cloak (worn)
 s - a +0 buckler (worn)
 v - a +0 pair of gloves (worn)
 G - a +0 helmet (worn)
Jewellery
 f - an amulet of the acrobat (around neck)
 r - an uncursed ring of resist corrosion
 z - a +3 ring of evasion (right hand)
 H - a +5 ring of intelligence (left hand)
 O - an uncursed ring of wizardry
Wands
 A - a wand of scattershot (3)
 I - a wand of iceblast (8)
 L - a wand of enslavement (7)
 M - a wand of clouds (7)
Scrolls
 b - 8 scrolls of remove curse
 d - 4 scrolls of blinking {unknown}
 e - 9 scrolls of teleportation
 l - 6 scrolls of enchant armour {unknown}
 m - 2 scrolls of fear {unknown}
 n - a scroll of enchant weapon {unknown}
 w - a scroll of random uselessness {unknown}
 x - a scroll of fog {unknown}
 y - 2 scrolls of immolation {unknown}
 E - a scroll of noise {unknown}
 F - 2 scrolls of brand weapon {unknown}
 K - a scroll of magic mapping
 R - a scroll of holy word {unknown}
Potions
 g - 2 potions of agility {unknown}
 h - 2 potions of haste {unknown}
 i - 2 potions of flight {unknown}
 j - a potion of curing
 o - 2 potions of lignification
 p - 2 potions of resistance
 u - 2 potions of invisibility
 C - 4 potions of magic
 D - 2 potions of might
 N - a potion of ambrosia
 Q - a potion of mutation {unknown}
 S - a potion of heal wounds
Comestibles
 c - 19 rations


   Skills:
 - Level 5.0 Fighting
 - Level 8.1 Dodging
 - Level 2.4 Stealth
 - Level 4.0 Shields
 * Level 12.4 Spellcasting
 * Level 10.3 Conjurations
 * Level 10.8 Fire Magic


You had 2 spell levels left.
You knew the following spells:

 Your Spells              Type           Power        Failure   Level  Hunger
a - Flame Tongue          Conj/Fire      #####        1%          1    None
b - Conjure Flame         Conj/Fire      ######..     1%          3    None
c - Sticky Flame          Conj/Fire      ######..     1%          4    None
d - Fireball              Conj/Fire      ######....   1%          5    ##.....
e - Bolt of Magma         Conj/Fire/Erth ######....   1%          5    ##.....
f - Orb of Destruction    Conj           ######....   10%         7    ######.
g - Spellforged Servitor  Conj/Summ      #####.....   56%         7    ######.

Your spell library contained the following spells:

 Spells                   Type           Power        Failure   Level  Hunger
 Throw Icicle             Conj/Ice       #####...     1%          4    None
 Throw Flame              Conj/Fire      ######       1%          2    None
 Inner Flame              Hex/Fire       #####...     1%          3    None
 Iskenderun's Battlesphe  Conj/Chrm      #####...     2%          5    ##.....
 Venom Bolt               Conj/Pois      #####.....   2%          5    ##.....
 Iron Shot                Conj/Erth      #####.....   14%         6    ####...


Dungeon Overview and Level Annotations

Branches:
Dungeon (10/15)            Temple (1/1) D:6            Lair (0/6) D:9
    Orc (0/2) D:9

Altars:
Ashenzari
Cheibriados
Dithmenos
Elyvilon
Fedhas
Gozag
Hepliaklqana
Kikubaaqudgha
Makhleb
Nemelex Xobeh
Okawaru
Qazlal
Ru
Sif Muna
Trog
Uskayaw
Vehumet
Wu Jian
Xom
Yredelemnul
Zin
The Shining One

Shops:
D:9 !   D:10 *(:}!

Annotations:
D:7 2 transporters, Goblin1989's ghost, novice GnAs


Message History

Aim: a reaper, wielding a +0 scythe of flaming (lightly wounded, covered in liquid flames, summoned)
The fireball explodes!
The fireball engulfs the reaper!!
The reaper is heavily wounded.
The reaper burns!
Something unseen opens the door.
The reaper hits you from afar with a +0 scythe of flaming!!
The reaper burns you!
Casting: Fireball (safe; 1% risk of failure)
Confirm with . or Enter, or press ? or * to list all spells.
Aiming: Fireball (safe; 1% risk of failure)
Press: ? - help, Shift-Dir - straight line, f/p - reaper
Aim: a reaper, wielding a +0 scythe of flaming (heavily wounded, covered in liquid flames, summoned)
The fireball explodes!
The fireball engulfs the reaper!!
The reaper is severely wounded.
* * * LOW MAGIC WARNING * * *
The reaper burns!
As you read the scroll of teleportation, it crumbles to dust.
You feel strangely unstable.
The reaper burns!
The reaper stops burning.
The reaper hits you from afar with a +0 scythe of flaming!!!
Ouch! That really hurt!
You die...

▒▒▒▒▒▒ ▒2·@·▒▒
▒▒▒▒▒▒▒▒▒▒▒▒
▒M▒▒··▒▒▒▒▒▒▒▒▒▒▒▒▒▒
···········▒▒·$
▒▒····>··········
··········▒▒···
▒▒▒▒▒▒▒▒▒▒▒▒▒▒▒▒
▒▒▒▒▒▒▒▒▒▒▒··8·
▒···· ▒··8·
▒▒▒▒▒▒▒▒▒▒▒▒···
▒▒▒▒▒▒▒▒▒▒▒▒▒▒▒▒
·<·········▒▒
▒▒···········[···


You could see a reaper and a guardian mummy.

Vanquished Creatures
  Snorg (D:10)
  Erica (D:9)
  3 two-headed ogres
  Urug (D:10)
  An unseen horror (D:10)
  Joseph (D:10)
  A gargoyle (D:10)
  A centaur skeleton (D:9)
  A guardian mummy (D:10)
  4 trolls (D:9)
  A queen bee (D:9)
  6 hippogriffs
  Sigmund (D:2)
  3 hungry ghosts
  A two-headed ogre zombie (D:9)
  2 water moccasins
  4 orc warriors
  2 ice beasts
  2 phantoms
  A necrophage (D:10)
  5 sky beasts
  2 ogres
  3 centaurs
  An elf zombie (Ossuary)
  7 bullfrogs
  A big kobold (D:9)
  A gnoll sergeant (D:5)
  A troll zombie (D:9)
  A scorpion (D:7)
  17 killer bees (D:9)
  6 howler monkeys
  4 crimson imps
  3 centaur zombies
  A human zombie (Ossuary)
  A bullfrog zombie (D:6)
  A quasit (D:6)
  5 jellies
  3 hounds
  9 orc priests
  11 orc wizards
  A bullfrog skeleton (D:8)
  6 iguanas
  Crazy Yiuf (D:2)
  2 worker ants
  6 ogre zombies (D:9)
  2 mummies (Ossuary)
  A worker ant zombie (D:5)
  14 gnolls
  A howler monkey skeleton (D:9)
  14 adders
  3 shadow imps
  2 oozes (D:2)
  3 adder zombies
  2 adder skeletons
  2 worms
  2 dart slugs (D:1)
  4 leopard geckos
  46 orcs
  2 ball pythons
  6 bats
  8 giant cockroaches
  14 goblins
  7 hobgoblins
  4 jackals
  6 quokkas
  2 frilled lizards
  A goblin skeleton (D:9)
  6 goblin zombies
  13 hobgoblin zombies
  A jackal zombie (Ossuary)
  11 kobolds
  7 kobold zombies (Ossuary)
  2 orc skeletons (D:9)
  24 orc zombies
  2 quokka skeletons
  5 rats
  4 rat zombies (Ossuary)
  A fungus (D:2)
359 creatures vanquished.

Notes
Turn   | Place    | Note
-------+----------+-------------------------------------------
     0 | D:1      | Azzok the Deep Elf Fire Elementalist began the quest for
                  | the Orb.
     0 | D:1      | Reached XP level 1. HP: 10/10 MP: 6/6
   177 | D:1      | Reached XP level 2. HP: 15/15 MP: 1/8
  1013 | D:1      | Reached XP level 3. HP: 20/20 MP: 8/10
  1018 | D:1      | Learned a level 3 spell: Conjure Flame
  1276 | D:2      | Noticed Sigmund
  1584 | D:2      | Reached skill level 4 in Spellcasting
  1612 | D:2      | Reached XP level 4. HP: 24/24 MP: 8/12
  1642 | D:2      | Learned a level 4 spell: Sticky Flame
  1976 | D:2      | Reached skill level 1 in Fighting
  2326 | D:2      | Found a runed translucent door.
  2327 | D:2      | Noticed Crazy Yiuf
  2334 | D:2      | Killed Crazy Yiuf
  2334 | D:2      | Reached XP level 5. HP: 12/29 MP: 5/13
  2708 | D:2      | Killed Sigmund
  2708 | D:2      | Reached skill level 5 in Spellcasting
  2708 | D:2      | Reached XP level 6. HP: 26/34 MP: 5/15
  2852 | D:3      | Found a shadowy altar of Dithmenos.
  3044 | D:3      | Found a glowing golden altar of the Shining One.
  3515 | D:3      | Reached skill level 5 in Fire Magic
  4821 | D:4      | Found a stormy altar of Qazlal.
  4880 | D:5      | Entered Level 5 of the Dungeon
  4933 | D:5      | Reached XP level 7. HP: 39/39 MP: 14/17
  5035 | D:5      | Reached skill level 6 in Spellcasting
  5071 | D:5      | Learned a level 5 spell: Fireball
  5683 | D:5      | Found a shadowy altar of Dithmenos.
  6526 | D:5      | Reached skill level 5 in Conjurations
  6526 | D:5      | Reached XP level 8. HP: 45/45 MP: 14/20
  6626 | D:6      | Reached skill level 7 in Spellcasting
  6758 | D:6      | Found a sand-covered staircase.
  6838 | Ossuary  | Entered an ossuary
  7324 | Ossuary  | Reached skill level 5 in Dodging
  7618 | D:6      | Reached skill level 8 in Spellcasting
  7917 | D:6      | Found an opulent altar of Gozag.
  8021 | D:6      | Found a staircase to the Ecumenical Temple.
  8039 | Temple   | Entered the Ecumenical Temple
  8119 | Temple   | Became a worshipper of Vehumet
  8267 | D:6      | Reached XP level 9. HP: 50/50 MP: 14/23
  8432 | D:7      | Found a transporter.
  8710 | D:7      | Found a glowing silver altar of Zin.
  8819 | D:7      | Found a hide-covered altar of Uskayaw.
  9059 | D:7      | Reached skill level 1 in Shields
  9059 | D:7      | Reached skill level 9 in Spellcasting
  9312 | D:7      | Noticed Goblin1989's ghost (novice GnAs)
  9334 | D:7      | Noticed a queen bee
  9600 | D:7      | Found a transporter.
 10199 | D:8      | Reached * piety under Vehumet
 10199 | D:8      | Offered knowledge of Magic Dart by Vehumet.
 10312 | D:8      | Noticed a two-headed ogre
 10318 | D:8      | Killed a two-headed ogre
 10318 | D:8      | Reached skill level 10 in Spellcasting
 10318 | D:8      | Reached XP level 10. HP: 56/56 MP: 3/26
 11191 | D:9      | Found a staircase to the Lair.
 11358 | D:9      | Offered knowledge of Sandblast by Vehumet.
 11380 | D:9      | Reached ** piety under Vehumet
 11988 | D:9      | Found a staircase to the Orcish Mines.
 12013 | D:9      | Found Doiqion's Distillery.
 12185 | D:9      | Offered knowledge of Searing Ray by Vehumet.
 12541 | D:9      | Reached *** piety under Vehumet
 12541 | D:9      | Reached skill level 11 in Spellcasting
 13162 | D:9      | Reached XP level 11. HP: 62/62 MP: 18/28
 13352 | D:9      | Noticed Erica
 13431 | D:9      | Killed Erica
 13902 | D:10     | Entered Level 10 of the Dungeon
 13911 | D:10     | Offered knowledge of Stone Arrow by Vehumet.
 13991 | D:10     | Found Jasuemifeo's Weapon Shoppe.
 14056 | D:10     | Reached skill level 10 in Fire Magic
 14215 | D:10     | Found Johy's Book Boutique.
 14241 | D:10     | Noticed a two-headed ogre
 14244 | D:10     | Killed a two-headed ogre
 14423 | D:10     | Noticed Urug
 14426 | D:10     | Killed Urug
 14426 | D:10     | Reached skill level 5 in Fighting
 14476 | D:10     | Reached **** piety under Vehumet
 14576 | D:10     | Found Onaed's Distillery.
 14581 | D:10     | Found Xiunokk's Gadget Boutique.
 14590 | D:10     | Noticed Joseph
 14605 | D:10     | Killed Joseph
 14606 | D:10     | Noticed an unseen horror
 14607 | D:10     | Killed an unseen horror
 14607 | D:10     | Offered knowledge of Throw Icicle by Vehumet.
 14607 | D:10     | Reached skill level 12 in Spellcasting
 14685 | D:10     | Noticed a two-headed ogre
 14688 | D:10     | Killed a two-headed ogre
 14688 | D:10     | Reached skill level 10 in Conjurations
 14766 | D:10     | Bought a book of Power for 585 gold pieces
 14772 | D:10     | Learned a level 5 spell: Bolt of Magma
 14780 | D:10     | Learned a level 7 spell: Orb of Destruction
 14788 | D:10     | Learned a level 7 spell: Spellforged Servitor
 14807 | D:10     | Found Ypleir Violi's Assorted Antiques.
 14823 | D:10     | Noticed Snorg
 14830 | D:10     | Killed Snorg
 15428 | D:10     | Noticed a reaper
 15434 | D:10     | Mangled by a reaper

Levels and vault maps discovered:
D:1:      psy_arrival_wood_between_worlds, layout_loops_ring,
          minmay_crystal_room
D:2:      layout_loops_ring, minmay_tromino_v2, uniq_crazy_yiuf_cottage,
          uniq_sigmund
D:3:      kennysheep_the_goblin_king, layout_basic, old_standard_altar,
          tso_metal_star, first_ration
D:4:      layout_basic, kennysheep_little_box, serial_glass, glass_columns_a,
          glass_columns_a
D:5:      layout_layer_cave, grunt_dithmenos_smoke_and_mirrors
D:6:      layout_rooms, minmay_temple_entry_trees, enter_ossuary_5,
          grunt_gozag_statues
D:7:      layout_cave_pods, old_standard_altar, basic_altar,
          gammafunk_ghost_hive, minmay_crossroads
D:8:      layout_basic
D:9:      layout_stronghold, dpeg_oklobed_lair, zombieorc2_lemuel, serial_glass,
          glass_columns_b, glass_columns_c, glass_columns_b, glass_columns_b,
          glass_columns_a, glass_columns_a, glass_columns_c, glass_columns_b,
          glass_columns_c, glass_columns_a, serial_shops,
          nicolae_shop_window_shopping, david_nohive_1, uniq_erica
D:10:     layout_long_grid, nicolae_trove_entry_path_of_doom, serial_shops,
          nicolae_shop_window_shopping, shop, nicolae_shop_stone,
          nicolae_shop_overgrown_old_shop, shop, uniq_snorg, uniq_joseph,
          uniq_urug
Temple:   regret_index_temple_mists

Skill      XL: |  1  2  3  4  5  6  7  8  9 10 11 |
---------------+----------------------------------+-----
Conjurations   | 2 3 4 5 6 7 9 10 | 10.3
Spellcasting   | 4 5 6 8 10 11 12 | 12.4
Fire Magic     | 4 5 6 7 8 9 10 | 10.8
Dodging        | 3 4 5 6 7 8 |  8.1
Fighting       | 1 2 3 4 5 |  5.0
Shields        | 2 3 4 |  4.0
Stealth        | |  2.4

Action                   |  1- 3 |  4- 6 |  7- 9 | 10-12 || total
-------------------------+-------+-------+-------+-------++-------
Melee: Unarmed           |     4 |       |       |       ||     4
       Dagger            |     9 |    42 |    64 |    28 ||   143
 Cast: Flame Tongue      |    60 |   106 |   267 |   225 ||   658
       Sticky Flame      |       |     3 |    30 |    34 ||    67
       Conjure Flame     |       |       |     1 |     2 ||     3
       Fireball          |       |       |    10 |    66 ||    76
       Bolt of Magma     |       |       |       |     3 ||     3
  Use: Scroll            |       |       |       |    14 ||    14
       Potion            |       |       |       |     2 ||     2
 Stab: Sleeping          |       |       |     1 |       ||     1
  Eat: Chunk             |     2 |    10 |    16 |    19 ||    47
       Ration            |       |       |     1 |     2 ||     3
Armor: Robe              |    10 |    11 |    38 |    13 ||    72
       Skin              |       |       |       |     7 ||     7
Dodge: Dodged            |    30 |    24 |   122 |    91 ||   267
Block: Buckler           |       |       |     8 |    25 ||    33

Table legend:
 A = Non-vault XP
 B = Vault XP
 C = Vault XP percentage of total XP
 D = Non-vault monster count
 E = Vault monster count
 F = Vault count percentage of total count
                 A         B        C        D         E       F
            +---------+---------+-------+---------+---------+-------
      Total |   13671 |    6349 |  31.7 |     253 |     105 |  29.3
            +---------+---------+-------+---------+---------+-------
        D:1 |      46 |       0 |   0.0 |      25 |       0 |   0.0
        D:2 |     127 |     281 |  68.9 |      23 |       3 |  11.5
        D:3 |     128 |      14 |   9.9 |      15 |       7 |  31.8
        D:4 |     127 |       0 |   0.0 |      18 |       0 |   0.0
        D:5 |     869 |       0 |   0.0 |      32 |       0 |   0.0
        D:6 |     995 |       0 |   0.0 |      22 |       0 |   0.0
        D:7 |    1448 |     247 |  14.6 |      21 |       1 |   4.5
        D:8 |    1848 |     180 |   8.9 |      20 |       1 |   4.8
        D:9 |    3467 |    2596 |  42.8 |      47 |      50 |  51.5
       D:10 |    4616 |    2728 |  37.1 |      30 |       4 |  11.8
    Ossuary |       0 |     303 | 100.0 |       0 |      39 | 100.0
            +---------+---------+-------+---------+---------+-------
